 Dungeon Crawl Stone Soup version 0.28-a0-1002-gf00fe891ef (webtiles) character file.

Game seed: 2427040386109098207

346 croobank the Sneak (level 6, -6/51 HPs)
             Began as a Demigod Delver on Dec 7, 2021.
             Mangled by a gnoll sergeant (8 damage)
             ... on level 4 of the Dungeon.
             The game lasted 00:29:39 (5136 turns).

croobank the Sneak (Demigod Delver)                 Turns: 5136, Time: 00:29:39

Health: -6/51      AC:  5    Str: 19    XL:     6   Next: 10%
Magic:  8/8        EV: 12    Int: 16    God:
Gold:   103        SH:  0    Dex: 15    Spells: 5/5 levels left

rFire   . . .      SeeInvis .   a - +1 hand axe
rCold   . . .      Faith    .   (no shield)
rNeg    . . .      Spirit   .   k - +0 leather armour
rPois   .          Reflect  .   (no helmet)
rElec   .          Harm     .   (no cloak)
rCorr   .          Rampage  .   s - +0 pair of gloves
Will    .....                   q - +0 pair of boots
Stlth   +++.......              (no amulet)
HPRegen 0.17/turn               (no ring)
MPRegen 0.11/turn               (no ring)

@: no status effects
A: high mp 1, forlorn, divine attributes, passive freeze, strong 1, no potion
heal 1
a: no special abilities


You were on level 4 of the Dungeon.
You visited 1 branch of the dungeon, and saw 5 of its levels.

You collected 173 gold pieces.
You spent 70 gold pieces at shops.

Inventory:

Hand Weapons
 a - a +1 hand axe (weapon)
 b - a +0 hunting sling
 e - a +0 spear
 f - a +0 dagger
 l - a +0 short sword of draining
 u - a +0 short sword
Missiles
 d - 71 sling bullets
 o - 26 bolts
 t - 87 stones (quivered)
Armour
 k - a +0 leather armour (worn)
 m - a +0 chain mail
 q - a +0 pair of boots (worn)
 s - a +0 pair of gloves (worn)
Wands
 g - a wand of digging (3)
 j - a wand of polymorph (8)
Scrolls
 c - a scroll of fog
 i - a scroll of magic mapping
 n - a scroll of immolation
Potions
 h - a potion of brilliance


   Skills:
 + Level 3.2 Fighting
 + Level 3.3 Axes
 * Level 2.5 Slings
 + Level 0.3(1.5) Throwing
 + Level 2.0 Armour
 + Level 2.7 Dodging
 + Level 5.1 Stealth


You had 5 spell levels left.
You didn't know any spells.
Your spell library contained the following spells:

 Spells                   Type           Power      Damage    Failure   Level
 Inner Flame              Hex/Fire       0%         N/A       65%         3
 Cause Fear               Hex            0%         N/A       96%         4
 Discord                  Hex            0%         N/A       100%        8


Dungeon Overview and Level Annotations

Branches:
Dungeon (5/15)
 Temple: D:4-7

Shops:
D:2 [=!

Annotations:
D:4 3 runed translucent doors, ytrimaz's ghost, amateur OpCK


Innate Abilities, Weirdness & Mutations

You have an increased reservoir of magic. (+10% MP)
You shall have no god before yourself.
Your divine heritage dramatically boosts your attributes as you level up.
A frigid envelope surrounds you and freezes all who hurt you.
Your muscles are strong. (Str +2)
Potions are less effective at restoring your health.


Message History

Aim: a gnoll sergeant, wielding a +0 trident, wearing a +0 ring mail and wearing a +0 buckler (severely wounded, 68% to hit)
You shoot a sling bullet.
The sling bullet barely misses the gnoll sergeant.
The gnoll sergeant misses you.
Really attack while wielding your +0 hunting sling? [Y]es or [N]o only, please.
Really attack while wielding your +0 hunting sling? [Y]es or [N]o only, please.
Really attack while wielding your +0 hunting sling?
Okay, then.
a - a +1 hand axe (weapon)
The gnoll sergeant blocks your attack.
The gnoll sergeant is severely wounded.
The gnoll sergeant hits you with a +0 trident!
The gnoll sergeant blocks your attack.
The gnoll sergeant is severely wounded.
The gnoll sergeant hits you with a +0 trident.
You hit the gnoll sergeant but do no damage.
The gnoll sergeant is severely wounded.
The gnoll sergeant barely misses you.
The gnoll sergeant completely misses you.
You hit the gnoll sergeant.
The gnoll sergeant is severely wounded.
The gnoll sergeant hits you with a +0 trident.
You hit the gnoll sergeant but do no damage.
The gnoll sergeant is severely wounded.
The gnoll sergeant barely misses you.
You hit the gnoll sergeant but do no damage.
The gnoll sergeant is severely wounded.
The gnoll sergeant barely misses you.
You hit the gnoll sergeant.
The gnoll sergeant is severely wounded.
The gnoll sergeant hits you with a +0 trident!
* * * LOW HITPOINT WARNING * * *
Okay, then.
It was a potion of mutation.
You feel extremely strange.
You feel stronger.
Your skin feels very cold.
Your system partially rejects the healing effects of potions.
The gnoll sergeant hits you with a +0 trident!
You die...

#.#.######.###..........#,,,,,,,,
#.#......#.###..........#,,,,,,,,
#.######.#..............#,,,,,,,,
..# #.#..#...........#,,,,,,,,
### #.#..#...........#,,,,,,,,
#.#..#...........#,,,,,,,,
#.#.<#...........#,,,,,,,,
########.#(##...........#,,,,,,,,
..........(((..g@.......#*.#****,
.......#)####...###.##.##*.###***
.......#.# ##..# #.##.###.#..,,>
.........#####..###........#.####
..........................>#.##.#
#####.#####.....######.##.##..#..
#.....# #.###..# *.##.....+..
#.#####***#.# ##.# *,##.#...+..
*,* *,,,,,..# #.# *,*#.##..+W)


You could see a gnoll sergeant.

Vanquished Creatures
  A phantom (D:4)
  A scorpion (D:3)
  A hound (D:3)
  A hound skeleton (D:4)
  A howler monkey zombie (D:4)
  6 gnolls
  2 adders
  A worm (D:3)
  3 dart slugs
  5 orcs
  5 endoplasms
  3 giant cockroaches
  10 goblins
  3 hobgoblins (D:3)
  3 jackals (D:4)
  6 kobolds
  2 quokkas
  4 ball pythons
  7 bats
  2 frilled lizards (D:3)
  7 rats
74 creatures vanquished.

Vanquished Creatures (collateral kills)
  A kobold (D:2)
1 creature vanquished.

Vanquished Creatures (others)
  4 plants (D:1)
4 creatures vanquished.

Grand Total: 79 creatures vanquished

Notes
Turn   | Place    | Note
-------+----------+-------------------------------------------
     0 | D:5      | croobank the Demigod Delver began the quest for the Orb.
     0 | D:5      | Reached XP level 1. HP: 18/18 MP: 3/3
     7 | D:5      | Noticed a hound
    36 | D:4      | Noticed a phantom
    63 | D:4      | Found a runed translucent gate.
    64 | D:4      | Found a runed translucent gate.
    64 | D:4      | Found a runed translucent gate.
    66 | D:4      | Noticed ytrimaz's ghost (amateur OpCK)
   507 | D:2      | Found Wyotuw's Antique Armour Emporium.
   538 | D:2      | Reached XP level 2. HP: 23/25 MP: 4/4
   644 | D:2      | Found Rusoz's Distillery.
   896 | D:1      | Reached skill level 5 in Stealth
  1221 | D:1      | Reached XP level 3. HP: 30/30 MP: 5/5
  2185 | D:2      | Found Qurphan's Jewellery Boutique.
  2316 | D:2      | Bought a potion of heal wounds for 70 gold pieces
  2799 | D:3      | Reached skill level 1 in Slings
  2799 | D:3      | Reached skill level 1 in Armour
  2799 | D:3      | Reached XP level 4. HP: 25/38 MP: 6/6
  4070 | D:3      | Reached XP level 5. HP: 15/45 MP: 7/7
  4611 | D:4      | Reached XP level 6. HP: 31/51 MP: 8/8
  5135 | D:4      | HP: 2/51 [gnoll sergeant (15)]
  5136 | D:4      | Gained mutation: Your muscles are strong. (Str +2) [potion
                  | of mutation]
  5136 | D:4      | Gained mutation: A frigid envelope surrounds you and
                  | freezes all who hurt you. [potion of mutation]
  5136 | D:4      | Gained mutation: Potions are less effective at restoring
                  | your health. [potion of mutation]
  5136 | D:4      | Mangled by a gnoll sergeant

Illustrated notes

Levels and vault maps discovered:
D:1:      dpeg_arrival_fog, layout_rooms, minmay_misc_feat_more_columns,
          chequers_big_river, minmay_tetromino_i4
D:2:      layout_basic, basic_altar, serial_shops, shop,
          nicolae_shop_window_shopping, shop
D:3:      minmay_skewed_foursquare, layout_basic
D:4:      layout_basic, gammafunk_ghost_necromancy
D:5:      layout_basic, gammafunk_ghost_split, minmay_hedge_maze

Skill      XL: |  1  2  3  4  5 |
---------------+----------------+-----
Stealth        | 5 |  5.1
Axes           | 2 3 |  3.3
Fighting       | 3 |  3.2
Slings         | 1 2 |  2.5
Armour         | 1 2 |  2.0
Dodging        | 2 |  2.7
Throwing       | |  0.3

Action                   |  1- 3 |  4- 6 || total
-------------------------+-------+-------++-------
Melee: Hand axe          |   100 |   139 ||   239
 Fire: Hunting sling     |    15 |    12 ||    27
Throw: Stone             |       |    19 ||    19
  Use: Scroll            |     7 |     2 ||     9
       Potion            |     3 |     3 ||     6
 Stab: Distracted        |     1 |     1 ||     2
       Sleeping          |     1 |     2 ||     3
Armor: Leather armour    |    28 |    40 ||    68
Dodge: Dodged            |    76 |   116 ||   192

Table legend: (Time is in decaauts)
 A = Elapsed time spent in this place.
 B = Non-inter-level travel time spent in this place.
 C = Inter-level travel time spent in this place.
 D = Time resting spent in this place.
 E = Time spent auto-exploring this place.
 F = Levels seen in this place.
 G = Mean time per level.
                   A        B        C        D        E       F      G
               +--------+--------+--------+--------+--------+-----+--------+
         Total |   5196 |   4844 |    352 |   1432 |   2224 |   5 | 1039.2 |
       Dungeon |   5196 |   4844 |    352 |   1432 |   2224 |   5 | 1039.2 |
               +--------+--------+--------+--------+--------+-----+--------+

Top non-repeatable levels by time:
     D:3: 1981 daAuts
     D:2: 1485 daAuts
     D:1: 1133 daAuts
     D:4: 577 daAuts
     D:5: 18 daAuts
